 Dungeon Crawl Stone Soup version 0.29.1-2-gbd0b4ee654 (webtiles) character file.

Game seed: 14376891194353093555

104 Icepheonix32 the Changer (level 4, 0/42 HPs)
             Began as an Octopode Transmuter on Nov 18, 2022.
             Succumbed to an adder's poison
             ... on level 3 of the Dungeon.
             The game lasted 00:03:16 (3114 turns).

Icepheonix32 the Changer (Octopode Transmuter)      Turns: 3114, Time: 00:03:16

Health: 0/42       AC: 22    Str:  8 (11) XL:     4   Next: 80%
Magic:  7/7        EV:  2    Int: 19 (21) God:
Gold:   76         SH:  0    Dex: 11 (12) Spells: 6/7 levels left

rFire   . . .      SeeInvis .     - Unarmed
rCold   . . .      Faith    .   (no shield)
rNeg    . . .      Spirit   .   (helmet currently unavailable)
rPois   +          Reflect  .   (no amulet)
rElec   .          Harm     .   f - +6 ring of intelligence
rCorr   .          Rampage  .   (no ring)
Will    .....      NoTele   +   (no ring)
Stlth   +.........              (no ring)
HPRegen 0.14/turn               (no ring)
MPRegen 0.10/turn               (no ring)
                                (no ring)
                                (no ring)

@: lethally poisoned (0 -> -3), tree-form
A: stationary, stasis, torment immunity, boosted hp, almost no armour,
(amphibious), 8 rings, (camouflage 1), (gelatinous body 1), (nimble swimmer 1),
(tentacles)
a: no special abilities


You were on level 3 of the Dungeon.
You were a tree.
You visited 1 branch of the dungeon, and saw 3 of its levels.

You collected 76 gold pieces.

Inventory:

Missiles
 c - 7 boomerangs
Jewellery
 f - a +6 ring of intelligence (left branch)
Scrolls
 b - 2 scrolls of teleportation
Potions
 i - a potion of haste


   Skills:
 - Level 1.0 Fighting
 - Level 2.0 Dodging
 - Level 3.0 Unarmed Combat
 - Level 2.0 Spellcasting
 + Level 4.8 Transmutations


You had 6 spell levels left.
You knew the following spells:

 Your Spells              Type           Power      Damage    Failure   Level
a - Beastly Appendage     Tmut           40%        N/A       2%          1

Your spell library contained the following spells:

 Spells                   Type           Power      Damage    Failure   Level
 Wereblood                Tmut           20%        N/A       3%          2
 Apportation              Tloc           2%         N/A       17%         1
 Necrotise                Necr           4%         1d4       17%         1
 Summon Small Mammal      Summ           4%         N/A       17%         1
 Spider Form              Tmut/Pois      11%        N/A       19%         3
 Ignite Poison            Fire/Tmut/Pois 8%         N/A       26%         3
 Conjure Flame            Conj/Fire      1%         6-21      45%         3
 Mephitic Cloud           Conj/Pois/Air  1%         N/A       45%         3
 Ice Form                 Ice/Tmut       11%        N/A       52%         4
 Sticky Flame             Conj/Fire      1%         2d3       86%         4
 Freezing Cloud           Conj/Ice/Air   0%         6-21      99%         5


Dungeon Overview and Level Annotations

Branches:
Dungeon (3/15)

Altars:


Innate Abilities, Weirdness & Mutations

You are a tree.
Your roots penetrate the ground, keeping you stationary.
You cannot be teleported.
You are immune to unholy pain and torment.
Your maximum health is greatly increased.
You cannot wear most types of armour.
((You are amphibious.))
You can wear up to eight rings at the same time.
((Your skin changes colour to match your surroundings (Stealth+).))
((Your rubbery body absorbs attacks. (AC +1, EV +1)))
((You are camouflaged when in or above water. (Stealth+)))
((You have tentacles for arms and can constrict up to eight enemies at once.))


Message History

You grab the adder.
You pierce the adder.
Your squeeze misses the adder.
The adder is lightly wounded.
You constrict the quokka.
You kill the quokka!
You constrict the adder.
You feel sick. The adder bites you.
You tentacle-slap the adder but do no damage.
The adder is moderately wounded.
You constrict the adder.
You feel sick. The adder bites you.
* * * LOW HITPOINT WARNING * * *
Unknown command.
You tentacle-slap the adder.
You pierce the adder.
The adder is almost dead.
You constrict the adder, but do no damage.
You feel sick. The adder bites you but does no damage. The adder bites you.
* * * LOW HITPOINT WARNING * * *
You are lethally poisoned!
The adder poisons you!
Really quaff the potion of lignification?
Your tentacle spike disappears.
You turn into a tree.
Your roots penetrate the ground.
You lose your grip on the adder.
* * * LOW HITPOINT WARNING * * *
You feel sick. The adder bites you but does no damage.
Unknown command.
You closely miss the adder.
The adder is almost dead.
* * * LOW HITPOINT WARNING * * *
You feel sick. The adder bites you but does no damage.
You hit the adder but do no damage.
The adder is almost dead.
* * * LOW HITPOINT WARNING * * *
You feel sick. The adder bites you but does no damage.
You smack the adder!
You kill the adder!
* * * LOW HITPOINT WARNING * * *
You feel sick.
You cannot move.
Unknown command.
There is a lethal amount of poison in your body!
You die...

#........
#......
###.#.### ..
#...... #...#
...#.....##
###.# #.#......
#.# .......###
###.#
#.#.......#
#...###
#.....†...###
###......
#.♣.....#
#...#####
+.......###..##
#....##......#
#....#####...#
.##.........###
#........#####
#........#
#.....#####
#.#...#


There were no monsters in sight!

Vanquished Creatures
  4 adders
  5 worms
  4 dart slugs
  An orc (D:3)
  5 ball pythons (D:1)
  5 bats
  4 endoplasms
  A giant cockroach (D:1)
  2 goblins
  2 hobgoblins
  2 jackals (D:2)
  4 quokkas
  A frilled lizard (D:2)
  2 kobolds
  6 rats
48 creatures vanquished.

Notes
Turn   | Place    | Note
-------+----------+-------------------------------------------
     0 | D:1      | Icepheonix32 the Octopode Transmuter began the quest for
                  | the Orb.
     0 | D:1      | Reached XP level 1. HP: 13/13 MP: 3/3
   394 | D:1      | Reached XP level 2. HP: 18/18 MP: 3/5
   469 | D:1      | Reached skill level 3 in Transmutations
   904 | D:1      | Reached XP level 3. HP: 19/23 MP: 6/6
  1842 | D:2      | Reached skill level 4 in Transmutations
  1962 | D:2      | Reached XP level 4. HP: 22/28 MP: 7/7
  2301 | D:2      | Found a faded altar of an unknown god.
  3112 | D:3      | HP: 2/42 [poisoned by an adder]
  3114 | D:3      | Succumbed to an adder's poison

Illustrated notes

Levels and vault maps discovered:
D:1:      onia_arrival_handbag, layout_loops_cross, nicolae_wormholes
D:2:      layout_loops_cross, ebering_ecumenical_altar_hall, minmay_pentomino_x2
D:3:      layout_basic, grunt_temple_overflow_holy_war, general_overflow_altar,
          mainiacjoe_overflow_six_doors_small, minmay_quantized

Skill      XL: |  1  2  3 |
---------------+----------+-----
Transmutations | 3 4 |  4.8
Fighting       | |  1.0
Dodging        | |  2.0
Unarmed Combat | |  3.0
Spellcasting   | |  2.0

Action                   |  1- 3 |  4- 6 || total
-------------------------+-------+-------++-------
Melee: Unarmed           |    83 |    42 ||   125
       Constrict         |    23 |    10 ||    33
       Tentacles         |    15 |     5 ||    20
       Kick              |    21 |    11 ||    32
       Punch             |     5 |     1 ||     6
 Cast: Beastly Appendage |    17 |     7 ||    24
  Use: Scroll            |       |     4 ||     4
       Potion            |       |     4 ||     4
 Stab: Sleeping          |     4 |     3 ||     7
Armor: Skin              |     6 |     7 ||    13
Dodge: Dodged            |    52 |    14 ||    66
